 Dungeon Crawl Stone Soup version 0.32-a0-876-gcfddb08e57 (webtiles) character file.

Game seed: 10391741497382947592

280 Lanoc the Shooter (level 6, -11/70 HPs)
             Began as a Coglin Hunter on Apr 1, 2024.
             Mangled by Tenz's ghost (15 damage)
             ... on level 3 of the Dungeon.
             The game lasted 00:02:02 (1804 turns).

Lanoc the Shooter (Coglin Hunter)                   Turns: 1804, Time: 00:02:02

Health: -11/70     AC:  3    Str: 12    XL:     6   Next: 27%
Magic:  6/6        EV: 12    Int:  8    God:
Gold:   159        SH:  0    Dex: 19    Spells: 5/5 levels left

rFire   . . .        a - +2 sling {Suni}
rCold   . . .        d - +0 sling {Kenzo}
rNeg    . . .        c - +0 leather armour
rPois   .            (no helmet)
rElec   .            (no cloak)
rCorr   .            (no gloves)
SInv    .            (no boots)
Will    +....        (amulet unavailable) Stlth
                     (ring unavailable)
HPRegen 0.31/turn    (ring unavailable)
MPRegen 0.10/turn    (no gizmo)

%: no passive effects
@: brilliant, berserking, enlightened, flying, revved, very quick
A: off-hand wielding, slow wielding, warmup strikes, no jewellery
a: Invent Gizmo


You were on level 3 of the Dungeon.
You visited 1 branch of the dungeon, and saw 3 of its levels.

You collected 159 gold pieces.

Inventory:

Hand Weapons
 a - a +2 sling (weapon) {Suni}
 d - a +0 sling (offhand) {Kenzo}
Armour
 c - a +0 leather armour (worn)
Scrolls
 b - a scroll of butterflies
 f - a scroll of noise {unknown}
 g - 5 scrolls of teleportation {unknown}
 h - a scroll of immolation
 i - 2 scrolls of silence {unknown}
 j - 2 scrolls of blinking {unknown}
 m - a scroll of identify {unknown}
 n - a scroll of summoning {unknown}
 o - a scroll of amnesia {unknown}
 p - a scroll of fear {unknown}
Potions
 e - a potion of enlightenment
 r - 2 potions of heal wounds {unknown}


   Skills:
 + Level 3.6 Fighting
 * Level 5.3 Ranged Weapons
 + Level 3.2 Dodging
 - Level 0.7 Stealth


You had 5 spell levels left.
You didn't know any spells.
Your spell library contained the following spells:

 Spells                   Type           Power      Damage    Failure   Level
 Dazzling Flash           Conj/Hex       0%         N/A       86%         3
 Mephitic Cloud           Conj/Alch/Air  0%         N/A       86%         3
 Stone Arrow              Conj/Erth      0%         3d7       86%         3
 Animate Armour           Summ/Erth      0%         N/A       99%         4
 Curse of Agony           Necr           0%         N/A       100%        5
 Silence                  Hex/Air        0%         N/A       100%        5
 Lehudib's Crystal Spear  Conj/Erth      0%         10d2      100%        8


Dungeon Overview and Level Annotations

Branches:
Dungeon (3/15)

Altars:
Hepliaklqana

Annotations:
D:3 Tenz's ghost, amateur OpFi


Innate Abilities, Weirdness & Mutations

You can wield a second weapon in your off-hand.
It takes a long time for you to wield or remove held weapons.
Your first few attacks do less damage.
You cannot equip rings or amulets.


Message History

The sling bullet hits the white imp!
You kill the white imp!
Tenz's ghost hits you.
Fire: a) +2 sling {Suni}
Press: ? - help, Q - select action Shift-Dir - straight line, f/p - Tenz's ghost
Aim: Tenz's ghost, wielding a weapon of protection (lightly damaged, 54% to hit)
You shoot a sling bullet.
The sling bullet closely misses Tenz's ghost.
You shoot a sling bullet.
The sling bullet barely misses Tenz's ghost.
Tenz's ghost hits you but does no damage.
Fire: a) +2 sling {Suni}
Press: ? - help, Q - select action Shift-Dir - straight line, f/p - Tenz's ghost
Aim: Tenz's ghost, wielding a weapon of protection (lightly damaged, 54% to hit)
You shoot a sling bullet. The sling bullet hits Tenz's ghost.
Tenz's ghost is moderately damaged.
You shoot a sling bullet.
The sling bullet closely misses Tenz's ghost.
Tenz's ghost hits you!
* * * LOW HITPOINT WARNING * * *
It was a potion of enlightenment.
You feel very buoyant.
You fly up into the air.
Tenz's ghost barely misses you.
It was a potion of curing.
You feel better. Tenz's ghost misses you.
It was a potion of brilliance.
You feel clever all of a sudden. Tenz's ghost completely misses you.
It was a potion of berserk rage.
A red film seems to cover your vision as you go berserk!
You feel yourself moving faster!
You feel mighty! Tenz's ghost hits you!
* * * LOW HITPOINT WARNING * * *
You barely miss Tenz's ghost with your +0 sling.
Tenz's ghost is moderately damaged.
You clumsily bash Tenz's ghost with your +2 sling.
Tenz's ghost barely misses you.
You miss Tenz's ghost with your +0 sling.
Tenz's ghost is heavily damaged.
You hit Tenz's ghost with your +2 sling!
Tenz's ghost hits you!
You die...

### ##############
..###............###
......#######.#..#§§
..###########...@W§§
..............#..#§§
.........#...########
###########.## #.#
.......#.#...# #.#
##....#......# #.#
..#..#.......## #)#
...##.........#####.#
...##(......#.......#


You could see Tenz's ghost.

Vanquished Creatures
  Sigmund (D:2)
  7 adders
  A white imp (D:3)
  2 ribbon worms (D:2)
  A dart slug (D:1)
  An orc (D:3)
  4 bats
  3 endoplasms
  A giant cockroach (D:2)
  2 goblins (D:1)
  5 hobgoblins
  4 jackals (D:1)
  2 quokkas
  5 ball pythons
  2 frilled lizards
  3 kobolds
  A rat (D:1)
45 creatures vanquished.

Notes
Turn   | Place    | Note
-------+----------+-------------------------------------------
     0 | D:1      | Lanoc the Coglin Hunter began the quest for the Orb.
     0 | D:1      | Reached XP level 1. HP: 16/16 MP: 1/1
   199 | D:1      | Reached XP level 2. HP: 22/22 MP: 2/2
   362 | D:1      | Reached skill level 4 in Ranged Weapons
   807 | D:2      | Reached XP level 3. HP: 28/28 MP: 3/3
  1078 | D:2      | Noticed Sigmund
  1092 | D:2      | Killed Sigmund
  1093 | D:2      | Reached skill level 5 in Ranged Weapons
  1093 | D:2      | Reached XP level 4. HP: 35/35 MP: 4/4
  1093 | D:2      | Reached XP level 5. HP: 41/41 MP: 5/5
  1163 | D:3      | Reached XP level 6. HP: 47/47 MP: 6/6
  1516 | D:3      | Found a hazy altar of Hepliaklqana.
  1675 | D:3      | Found a runed translucent door.
  1675 | D:3      | Noticed Tenz's ghost (amateur OpFi)
  1802 | D:3      | HP: 3/70 [Tenz's ghost (12)]
  1804 | D:3      | Mangled by Tenz's ghost

Illustrated notes

Levels and vault maps discovered:
D:1:      evilmike_arrival_crescent, layout_basic
D:2:      layout_basic, uniq_sigmund
D:3:      layout_loops_ring, mainiacjoe_overflow_alcove_2,
          ebering_ghost_inner_flame, nicolae_half_adder

Skill      XL: |  1  2  3 |
---------------+----------+-----
Dodging        | 2 3 |  3.2
Ranged Weapons | 4 5 |  5.3
Fighting       | 3 |  3.6
Stealth        | |  0.7

Action                     |  1- 3 |  4- 6 || total
---------------------------+-------+-------++-------
  Melee: Sling             |       |     4 ||     4
   Fire: Sling             |   140 |    74 ||   214
    Use: Potion            |       |     4 ||     4
 Armour: Leather armour    |    11 |    12 ||    23
  Dodge: Dodged            |    20 |     9 ||    29

Table legend: (Time is in decaauts)
 A = Elapsed time spent in this place.
 B = Non-inter-level travel time spent in this place.
 C = Inter-level travel time spent in this place.
 D = Time resting spent in this place.
 E = Time spent auto-exploring this place.
 F = Levels seen in this place.
 G = Mean time per level.
                   A        B        C        D        E       F      G
               +--------+--------+--------+--------+--------+-----+--------+
         Total |   1827 |   1764 |     63 |      0 |   1525 |   3 |  609.0 |
       Dungeon |   1827 |   1764 |     63 |      0 |   1525 |   3 |  609.0 |
               +--------+--------+--------+--------+--------+-----+--------+

Top non-repeatable levels by time:
     D:1: 807 daAuts
     D:3: 652 daAuts
     D:2: 367 daAuts
